 Dungeon Crawl Stone Soup version 0.32-a0-12-g7fc57aa741 (webtiles) character file.

Game seed: 11026451018077063193

511 jasper the Shooter (level 6, -3/30 HPs)
             Began as a Spriggan Earth Elementalist on Jan 14, 2024.
             Was an Initiate of Dithmenos.
             Killed by divine providence
             ... invoked by an orc priest
              (14 damage)
             ... on level 7 of the Dungeon.
             The game lasted 00:10:41 (4144 turns).

jasper the Shooter (Spriggan Earth Elementalist)    Turns: 4144, Time: 00:10:42

Health: -3/30      AC:  2    Str:  4    XL:     6   Next: 99%
Magic:  9/11       EV: 23    Int: 19    God:    Dithmenos [......]
Gold:   106        SH:  0    Dex: 15    Spells: 3/11 levels left

rFire   . . .        s - +7 spear (venom)
rCold   . . .        (no shield)
rNeg    . . .        a - +0 robe
rPois   .            (helmet restricted)
rElec   .            (no cloak)
rCorr   .            (gloves unavailable)
SInv    +            (boots unavailable)
Will    +....        (no amulet)
Stlth   +++          g - ring of wizardry
HPRegen 0.25/turn    i - +5 ring of evasion
MPRegen 0.12/turn

%: wizardry (x1)
@: very quick
A: very small, no large weapons, unfitting armour, see invisible, speed 3
a: Renounce Religion


You were on level 7 of the Dungeon.
You worshipped Dithmenos.
Dithmenos was noncommittal.
You visited 2 branches of the dungeon, and saw 8 of its levels.

You collected 230 gold pieces.
You spent 124 gold pieces at shops.

Inventory:

Hand Weapons
 h - a +0 short sword
 k - a +2 sling of freezing
 l - the +11 quarterstaff of Exquisite Torment {venom, rCorr Str+3 Dex-3 SInv}
   (You found it on level 2 of the Dungeon)

   Str+3:     It affects your strength (+3).
   Dex-3:     It affects your dexterity (-3).
   SInv:      It lets you see invisible.
   rCorr:     It protects you from acid and corrosion.
 p - the +4 mace of Eternal Harmony {elec, rElec rF+ rC- Str+4 Int+2}
   (You found it on level 3 of the Dungeon)

   Str+4:     It affects your strength (+4).
   Int+2:     It affects your intelligence (+2).
   rF+:       It protects you from fire.
   rC-:       It makes you vulnerable to cold.
   rElec:     It insulates you from electricity.
 s - a +7 spear of venom (weapon)
 u - the +5 long sword "Zubo" {spect, rC+ Dex+4}
   (You found it on level 4 of the Dungeon)

   Dex+4:     It affects your dexterity (+4).
   rC+:       It protects you from cold.
Missiles
 e - 43 stones
Armour
 a - a +0 robe (worn)
Jewellery
 g - a ring of wizardry (left hand)
 i - a +5 ring of evasion (right hand)
Scrolls
 f - a scroll of fear
 m - a scroll of noise {unknown}
 n - a scroll of blinking {unknown}
 r - 2 scrolls of amnesia
 v - 2 scrolls of fog
 w - a scroll of torment {unknown}
Potions
 b - 2 potions of magic
 c - 2 potions of haste
 d - a potion of brilliance
 o - 3 potions of curing
 q - a potion of mutation {unknown}
 t - a potion of invisibility {unknown}


   Skills:
 - Level 1.3 Fighting
 * Level 5.1 Ranged Weapons
 - Level 3.8 Dodging
 - Level 4.3 Stealth
 - Level 3.1 Spellcasting
 - Level 0.6 Conjurations
 - Level 4.0 Earth Magic


You had 3 spell levels left.
You knew the following spells:

 Your Spells              Type           Power      Damage    Failure   Level
a - Sandblast             Erth           36%        2d10      1%          1
b - Passwall              Erth           18%        N/A       3%          3
c - Stone Arrow           Conj/Erth      22%        3d8       7%          3
d - Apportation           Tloc           6%         N/A       6%          1

Your spell library contained the following spells:

 Spells                   Type           Power      Damage    Failure   Level
 Sting                    Conj/Alch      16%        1d4       5%          1
 Necrotise                Necr           12%        1d4       6%          1
 Summon Small Mammal      Summ           12%        N/A       6%          1
 Hailstorm                Conj/Ice       4%         3d5       16%         3
 Summon Ice Beast         Ice/Summ       3%         N/A       17%         3
 Brom's Barrelling Bould  Conj/Erth      11%        2d3       22%         4
 Petrify                  Alch/Erth      10%        N/A       26%         4
 Animate Dead             Necr           3%         N/A       50%         4
 Borgnjor's Vile Clutch   Necr/Erth      5%         N/A       56%         5
 Death Channel            Necr           1%         N/A       100%        6
 Sculpt Simulacrum        Ice/Alch       1%         N/A       100%        6


Dungeon Overview and Level Annotations

Branches:
Dungeon (7/15)             Temple (1/1) D:4

Altars:
Dithmenos
Elyvilon
Gozag
Hepliaklqana
Makhleb
Nemelex Xobeh
Okawaru
Ru
Sif Muna
Trog
Vehumet
Wu Jian
Xom
Zin
The Shining One

Shops:
D:2 ?   D:3 [   D:4 (   D:5 *

Annotations:
D:2 Natasha
D:3 exclusion: 2 doors
D:5 Grinder
D:6 Dowan, Sigmund
Temple 2 transporters


Innate Abilities, Weirdness & Mutations

You are very small and have problems with some larger weapons.
You are too small for most types of armour.
You have supernaturally acute eyesight. (SInv)
You cover ground extremely quickly. (Speed+++)


Message History

You take 6 damage, and have 24/30 hp.
Casting: Sandblast (safe; 1% risk of failure)
Confirm with . or Enter, or press ? or * to list all spells.
Aiming: Sandblast (safe; 1% risk of failure)
Press: ? - help, Shift-Dir - straight line, f/p - orc wizard
Aim: an orc wizard, wielding a +0 dagger and wearing a +0 robe (almost dead, 77% to hit)
The blast of sand hits the orc wizard but does no damage.
The orc wizard is almost dead.
The orc priest calls upon Beogh to heal the orc wizard.
The orc wizard is healed somewhat.
You now have 9/11 mp.
Casting: Sandblast (safe; 1% risk of failure)
Confirm with . or Enter, or press ? or * to list all spells.
Aiming: Sandblast (safe; 1% risk of failure)
Press: ? - help, Shift-Dir - straight line, f/p - orc wizard
Aim: an orc wizard, wielding a +0 dagger and wearing a +0 robe (heavily wounded, 77% to hit)
The blast of sand hits the orc wizard.
The orc wizard is severely wounded.
The orc wizard gestures at you while chanting.
The puff of flame misses you.
You now have 8/11 mp.
Your +2 sling of freezing stops glowing.
Your +7 spear of venom begins to drip with poison!
s - a +7 spear of venom (weapon)
You closely miss the orc wizard.
The orc wizard is severely wounded.
The orc priest calls upon Beogh to heal the orc wizard.
The orc wizard is healed somewhat.
The orc wizard completely misses you.
You hit the orc wizard.
The orc wizard is almost dead.
The orc priest mumbles some strange prayers to Beogh against you.
Beogh smites you!
Ouch! That really hurt!
The orc wizard hits you but does no damage.
You take 14 damage, and have 11/30 hp.
MASSIVE DAMAGE!!
You closely miss the orc wizard.
The orc wizard is almost dead.
The orc priest invokes the aid of Beogh against you.
Beogh smites you!
You die...

# ##########..##. #
#..)o.o@.......
#...##.########..###
+.......<.# #(.
#...o.o...# .
####......# #......#
#......# #......#
########


You could see a +0 hand axe, an orc priest and an orc wizard.

Vanquished Creatures
  Duvessa (D:6)
  A scorpion (D:5)
  3 iguanas
  Terence (D:2)
  Natasha (twice) (D:2)
  Robin (D:4)
  5 adders
  4 ribbon worms
  A dart slug (D:1)
  10 orcs
  4 bats
  7 endoplasms
  2 giant cockroaches
  18 goblins
  11 hobgoblins
  7 kobolds
  10 quokkas
  9 ball pythons
  7 frilled lizards
  6 rats
110 creatures vanquished.

Notes
Turn   | Place    | Note
-------+----------+-------------------------------------------
     0 | D:1      | jasper the Spriggan Earth Elementalist began the quest for
                  | the Orb.
     0 | D:1      | Reached XP level 1. HP: 9/9 MP: 5/5
   181 | D:1      | Found a faded altar of an unknown god.
   313 | D:1      | Reached XP level 2. HP: 13/13 MP: 2/7
   891 | D:2      | Reached XP level 3. HP: 16/16 MP: 6/8
   895 | D:2      | Learned a level 3 spell: Passwall
   952 | D:2      | Noticed Natasha
  1331 | D:2      | Killed Natasha
  1332 | D:2      | Reached XP level 4. HP: 21/21 MP: 7/9
  1336 | D:2      | Learned a level 3 spell: Stone Arrow
  1342 | D:2      | Noticed Natasha
  1346 | D:2      | Killed Natasha
  1347 | D:2      | Reached skill level 1 in Fighting
  1481 | D:2      | Found Sota's Magic Scroll Emporium.
  1489 | D:2      | Bought a scroll of fear for 44 gold pieces
  1489 | D:2      | Bought a scroll of poison for 44 gold pieces
  1524 | D:2      | Identified the +11 quarterstaff of Exquisite Torment
                  | {venom, rCorr Str+3 Dex-3 SInv}
  1643 | D:2      | Noticed Terence
  1700 | D:2      | Killed Terence
  1847 | D:2      | Reached XP level 5. HP: 25/25 MP: 10/10
  1938 | D:2      | Noticed Natasha
  2399 | D:3      | Identified the +4 mace of Eternal Harmony {elec, rElec rF+
                  | rC- Str+4 Int+2}
  2562 | D:3      | Found Lak Vuall's Armour Boutique.
  2639 | D:3      | Reached skill level 1 in Ranged Weapons
  3213 | D:4      | Reached skill level 2 in Ranged Weapons
  3259 | D:4      | Found Kotokakle's Antique Weapon Shoppe.
  3319 | D:4      | Found a staircase to the Ecumenical Temple.
  3329 | Temple   | Found a transporter.
  3329 | Temple   | Found a transporter.
  3329 | Temple   | Found a transporter.
  3329 | Temple   | Found a transporter.
  3329 | Temple   | Entered the Ecumenical Temple
  3345 | Temple   | Became a worshipper of Dithmenos the Shadowed
  3545 | D:4      | Noticed Robin
  3575 | D:4      | Killed Robin
  3638 | D:4      | Identified the +5 long sword "Zubo" {spect, rC+ Dex+4}
  3720 | D:5      | Entered Level 5 of the Dungeon
  3730 | D:5      | Reached skill level 3 in Ranged Weapons
  3758 | D:5      | Reached XP level 6. HP: 30/30 MP: 7/11
  3785 | D:5      | Learned a level 1 spell: Apportation
  3981 | D:5      | Reached skill level 4 in Ranged Weapons
  4013 | D:5      | Found Myff's General Store.
  4021 | D:5      | Bought a potion of curing for 36 gold pieces
  4044 | D:5      | Noticed Grinder
  4044 | D:5      | Noticed a shadow
  4066 | D:6      | Noticed Duvessa
  4068 | D:6      | Noticed Sigmund
  4112 | D:6      | Noticed Dowan
  4113 | D:6      | Killed Duvessa
  4114 | D:6      | Reached skill level 5 in Ranged Weapons
  4135 | D:7      | Noticed a +0 dagger
  4135 | D:7      | Noticed a +0 hand axe
  4144 | D:7      | Killed from afar by an orc priest

Illustrated notes

Levels and vault maps discovered:
D:1:      tarquinn_simple_flora_water_b, layout_rooms,
          ebering_ecumenical_altar_mist, minmay_tetromino_i2
D:2:      minmay_recursive_quarters, layout_loops_ring, serial_shops, shop,
          uniq_natasha, uniq_terence
D:3:      layout_loops_ring, serial_shops, shop, st_stairs_8,
          minmay_quadrilaterals
D:4:      layout_basic, minmay_temple_entry_large_hall, serial_shops, shop,
          uniq_robin
D:5:      layout_rooms, serial_shops, shop, uniq_grinder
D:6:      layout_basic, chequers_temple_overflow_minitemple,
          gup_ossuary_entry_pyramid, kennysheep_dice, uniq_duvessa, uniq_sigmund
D:7:      layout_basic, dancing_weapons_uskayaw,
          mainiacjoe_overflow_tiny_flanked, hangedman_decor_peaks_small
Temple:   hellmonk_temple_divided_pantheon

Skill      XL: |  1  2  3  4  5  6 |
---------------+-------------------+-----
Spellcasting   | 3 |  3.1
Earth Magic    | 3 4 |  4.0
Dodging        | 3 |  3.8
Fighting       | 1 |  1.3
Stealth        | 4 |  4.3
Ranged Weapons | 3 5 |  5.1
Conjurations   | |  0.6

Action                     |  1- 3 |  4- 6 || total
---------------------------+-------+-------++-------
  Melee: Unarmed           |     1 |       ||     1
         Spear             |       |     3 ||     3
   Fire: Sling             |    20 |   160 ||   180
   Cast: Sandblast         |    42 |    64 ||   106
    Use: Scroll            |     6 |     1 ||     7
 Armour: Robe              |     3 |    14 ||    17
  Dodge: Dodged            |    11 |    48 ||    59

Table legend: (Time is in decaauts)
 A = Elapsed time spent in this place.
 B = Non-inter-level travel time spent in this place.
 C = Inter-level travel time spent in this place.
 D = Time resting spent in this place.
 E = Time spent auto-exploring this place.
 F = Levels seen in this place.
 G = Mean time per level.
                   A        B        C        D        E       F      G
               +--------+--------+--------+--------+--------+-----+--------+
         Total |   3222 |   3140 |     82 |    460 |   1886 |   8 |  402.8 |
       Dungeon |   3201 |   3127 |     74 |    460 |   1886 |   7 |  457.3 |
        Temple |     21 |     14 |      7 |      0 |      0 |   1 |   21.0 |
               +--------+--------+--------+--------+--------+-----+--------+

Top non-repeatable levels by time:
     D:2: 936 daAuts
     D:1: 814 daAuts
     D:3: 648 daAuts
     D:4: 443 daAuts
     D:5: 289 daAuts
     D:6: 52 daAuts
  Temple: 21 daAuts
     D:7: 15 daAuts
